 Dungeon Crawl Stone Soup version 0.31-a0-799-g6bc09d010c (webtiles) character file.

Game seed: 4430032559768422326

10 Revguard the Chopper (level 2, -6/22 HPs)
             Began as a Demonspawn Gladiator on Sept 19, 2023.
             Mangled by a gnoll
             ... wielding a +0 flail
              (8 damage)
             ... on level 1 of the Dungeon.
             The game lasted 00:00:48 (334 turns).

Revguard the Chopper (Demonspawn Gladiator)          Turns: 334, Time: 00:00:49

Health: -6/22      AC: 11    Str: 14    XL:     2   Next: 10%
Magic:  2/2        EV:  4    Int:  9    God:
Gold:   41         SH:  0    Dex: 14    Spells: 1/1 levels left

rFire   . . .        a - +0 war axe
rCold   . . .        (no shield)
rNeg    . . .        g - +0 plate armour
rPois   .            c - +0 helmet
rElec   .            (no cloak)
rCorr   .            (no gloves)
SInv    .            (no boots)
Will    .....        (no amulet) Stlth
                     (no ring)
HPRegen 0.23/turn    (no ring)
MPRegen 0.08/turn

%: no passive effects
@: no status effects
A: weakness stinger 1
a: no special abilities


You were on level 1 of the Dungeon.
You visited 1 branch of the dungeon, and saw 1 of its levels.

You collected 41 gold pieces.

Inventory:

Hand Weapons
 a - a +0 war axe (weapon)
Missiles
 d - 3 throwing nets (quivered)
 e - a javelin
Armour
 b - a +0 leather armour
 c - a +0 helmet (worn)
 g - a +0 plate armour (worn)
Jewellery
 f - a ring of wizardry
Potions
 h - a potion of enlightenment {unknown}
 i - 2 potions of curing {unknown}


   Skills:
 * Level 2.2 Fighting
 * Level 2.8 Axes
 - Level 1.7 Throwing
 + Level 0.2 Armour
 + Level 2.7 Dodging
 + Level 0.5 Invocations
 + Level 0.2 Evocations


You had one spell level left.
You didn't know any spells.
Your spell library contained the following spells:

 Spells                   Type           Power      Damage    Failure   Level
 Kiss of Death            Conj/Necr      0%         2d5       100%        1
 Confusing Touch          Hex            0%         N/A       100%        3
 Dispel Undead            Necr           0%         3d6       100%        4


Dungeon Overview and Level Annotations

Branches:
Dungeon (1/15)

Altars:


Innate Abilities, Weirdness & Mutations

You have a small tail.


Message History

There is an open door here.
The rat bites you but does no damage.
You see here a +0 scale mail.
You closely miss the rat.
The rat bites you but does no damage. x2
You hit the rat.
You kill the rat!
You now have 41 gold pieces (gained 10).
You open the door.
There is an open door here.
You open the door.
There is an open door here.
You open the door.
There is an open door here.
You open the door.
A ball python comes into view.
The ball python hisses angrily.
A ball python is nearby!
A gnoll comes into view. It is wielding a +0 flail.
Found a scroll labelled DERO PIXIRI.
The gnoll shouts!
There is an open door here.
Found a stone staircase leading down.
You closely miss the ball python. Your punch misses the ball python.
The ball python bites you. The ball python barely misses you.
The ball python bites you but does no damage.
The ball python grabs you. The ball python constricts you.
The ball python bites you but does no damage.
The ball python constricts you.
You barely miss the gnoll. You slash the ball python!
You kill the ball python!
The gnoll hits you but does no damage. The gnoll hits you with a +0 flail!
You barely miss the gnoll.
Your tail-slap misses the gnoll.
The gnoll hits you but does no damage.
You barely miss the gnoll. The gnoll hits you with a +0 flail!
Ouch! That really hurt!
* * * LOW HITPOINT WARNING * * *
You hit the gnoll.
The gnoll is moderately wounded.
The gnoll hits you with a +0 flail!
You die...

#...~~~≈~~≈~~
###..........
#.......... ###########
###### ###+######....#
.........#....#######
.........'....'.....#
......g@.#....#####.#
.........#....# #.#
........?#....#####.#
.........#.......##.#
.........##......##'####
..........#............#
..........#######....#+#
...>............'....##.
..######....##.


You could see a gnoll.

Vanquished Creatures
  A ball python (D:1)
  2 bats (D:1)
  An endoplasm (D:1)
  A giant cockroach (D:1)
  A goblin (D:1)
  3 rats (D:1)
9 creatures vanquished.

Notes
Turn   | Place    | Note
-------+----------+-------------------------------------------
     0 | D:1      | Revguard the Demonspawn Gladiator began the quest for the
                  | Orb.
     0 | D:1      | Reached XP level 1. HP: 16/16 MP: 1/1
   266 | D:1      | Found a faded altar of an unknown god.
   270 | D:1      | Gained mutation: You have a small tail. [demonic ancestry]
   270 | D:1      | Reached XP level 2. HP: 21/22 MP: 2/2
   334 | D:1      | Mangled by a gnoll

Illustrated notes

Levels and vault maps discovered:
D:1:      dpeg_arrival_castle, layout_basic,
          hellmonk_ecumenical_altar_slurped_away

Action                     || total
---------------------------++-------
  Melee: War axe           ||    20
 Armour: Leather armour    ||     6
         Plate armour      ||    13
  Dodge: Dodged            ||    12

Table legend: (Time is in decaauts)
 A = Elapsed time spent in this place.
 B = Non-inter-level travel time spent in this place.
 C = Inter-level travel time spent in this place.
 D = Time resting spent in this place.
 E = Time spent auto-exploring this place.
 F = Levels seen in this place.
 G = Mean time per level.
                   A        B        C        D        E       F      G
               +--------+--------+--------+--------+--------+-----+--------+
         Total |    342 |    342 |      0 |      0 |    244 |   1 |  342.0 |
       Dungeon |    342 |    342 |      0 |      0 |    244 |   1 |  342.0 |
               +--------+--------+--------+--------+--------+-----+--------+

Top non-repeatable levels by time:
     D:1: 342 daAuts
